 Dungeon Crawl Stone Soup version 0.19-a0-1247-gdb14cb7 (webtiles) character file.

70 Herrn the Magician (level 4, -1/38 HPs)
             Began as a Naga Wizard on Aug 27, 2016.
             Slain by Ijyb
             ... wielding a +6 club
              (6 damage)
             ... on level 2 of the Dungeon.
             The game lasted 00:04:29 (1794 turns).

Herrn the Magician (Naga Wizard)                    Turns: 1794, Time: 00:04:30

Health: -1/38      AC:  2    Str: 11    XL:     4   Next: 21%
Magic:  4/9        EV: 10    Int: 18    God:
Gold:   52         SH:  0    Dex:  9    Spells: 1 memorised, 9 levels left

rFire  . . .     SeeInvis +     i - +2 short sword (speed)
rCold  . . .     Gourm    .     a - +0 robe
rNeg   . . .     Faith    .     (no shield)
rPois  +         Spirit   .     b - +0 hat
rElec  .         Dismiss  .     (no cloak)
rCorr  .         Reflect  .     (no gloves)
MR     .....     Harm     .     (no barding)
Stlth  ++........               (no amulet)
                                (no ring)
                                (no ring)

@: very slightly contaminated, very slow
A: see invisible, deformed body, poison resistance, slowness 2, slow metabolism
1, spit poison 2, AC +1
a: Spit Poison


You were on level 2 of the Dungeon.
You were not hungry.

You visited 1 branch of the dungeon, and saw 2 of its levels.

You collected 52 gold pieces.

Inventory:

Hand Weapons
 i - a +2 short sword of speed (weapon)
Armour
 a - a +0 robe (worn)
 b - a +0 hat (worn)
Scrolls
 f - a scroll of enchant armour {unknown}
 k - a scroll of recharging {unknown}
Potions
 e - a potion of invisibility {unknown}
 g - 2 potions of brilliance {unknown}
 j - a potion of agility {unknown}
 l - a potion of curing {unknown}
Books
 c - a book of Minor Magic

   Spells                             Type                      Level
   a - Magic Dart                     Conjuration                  1
   b - Blink                          Translocation                2
   c - Call Imp                       Summoning                    2
   d - Repel Missiles                 Charms/Air                   2
   e - Slow                           Hexes                        2
   f - Conjure Flame                  Conjuration/Fire             3
   g - Mephitic Cloud                 Conjuration/Poison/Air       3
Comestibles
 d - a bread ration
 h - 3 fruits
 m - 3 chunks of flesh


   Skills:
 * Level 1.2 Fighting
 + Level 2.1 Dodging
 - Level 3.0 Stealth
 + Level 3.8 Spellcasting
 * Level 1.9 Conjurations
   Level 1.0 Summonings
   Level 1.0 Translocations


You had 9 spell levels left.
You knew the following spells:

 Your Spells              Type           Power        Failure   Level  Hunger
a - Magic Dart            Conj           ##..         10%         1    None


Dungeon Overview and Level Annotations

Branches:
Dungeon (2/15)

Altars:

Annotations:
D:2 Ijyb


Innate Abilities, Weirdness & Mutations

You cannot wear boots.
Your serpentine skin is tough. (AC +1)
You have supernaturally acute eyesight. (SInv)
Armour fits poorly on your strangely shaped body.
Your system is resistant to poisons. (rPois)
You cover ground very slowly.
You have a slow metabolism.
You can spit poison.


Message History

You have got your breath back.
Ijyb hits you with an enchanted club!
* * * LOW HITPOINT WARNING * * *
Casting: Magic Dart
Confirm with . or Enter, or press ? or * to list all spells.
Aiming: Magic Dart
Press: ? - help, Shift-Dir - straight line, f/p - Ijyb
Aim: Ijyb, wielding an enchanted club (heavily wounded)
You miscast Magic Dart.
Nothing appears to happen.
Ijyb hits you with an enchanted club.
* * * LOW HITPOINT WARNING * * *
Casting: Magic Dart
Confirm with . or Enter, or press ? or * to list all spells.
Aiming: Magic Dart
Press: ? - help, Shift-Dir - straight line, f/p - Ijyb
Aim: Ijyb, wielding an enchanted club (heavily wounded)
The magic dart hits Ijyb.
Ijyb is heavily wounded.
Ijyb hits you with an enchanted club.
You die...

### #########.. ........#.#
#######.#.# #.#.##############
#.#.##....@g...... ####
#....#.###################
...######..#.#....### #........
##.#.......#.#.##.#.# #........
.#.#.#####.#.#......# #........
.#.#.# #)#.#..#.#.####........
.#.#.# #.#.#..#.#.##..........
.#.#.#####.#.#..#.#.##...######.
.......................(.#


You could see Ijyb.

Vanquished Creatures
  2 adders (D:2)
  A worm (D:2)
  A dart slug (D:2)
  3 giant geckos (D:1)
  4 bats
  A giant cockroach (D:1)
  9 hobgoblins
  A quokka (D:2)
  3 giant newts
  4 goblins
  6 kobolds
  7 rats
42 creatures vanquished.

Notes
Turn   | Place    | Note
-------+----------+-------------------------------------------
     0 | D:1      | Herrn the Naga Wizard began the quest for the Orb.
     0 | D:1      | Reached XP level 1. HP: 15/15 MP: 4/4
   195 | D:1      | Reached XP level 2. HP: 16/24 MP: 0/6
   720 | D:1      | Reached XP level 3. HP: 30/30 MP: 8/8
  1531 | D:2      | Reached skill level 1 in Fighting
  1628 | D:2      | Reached XP level 4. HP: 36/38 MP: 6/9
  1780 | D:2      | Noticed Ijyb
  1794 | D:2      | Slain by Ijyb

Vault maps used:
D:1:      scummos_arrival_forest
D:2:      uniq_iyjb

Skill      XL: |  1  2  3 |
---------------+----------+-----
Dodging        | 2 |  2.1
Fighting       | 1 |  1.2
Stealth        | |  3.0
Spellcasting   | |  3.8
Conjurations   | |  1.9
Summonings     | |  1.0
Translocations | |  1.0

Action                   |  1- 3 |  4- 6 || total
-------------------------+-------+-------++-------
Melee: Short sword       |    82 |     8 ||    90
 Cast: Magic Dart        |    18 |    11 ||    29
 Abil: Spit Poison       |    20 |     5 ||    25
 Stab: Sleeping          |     1 |       ||     1
  Eat: Chunk             |     2 |     1 ||     3
Armor: Robe              |    19 |       ||    19
Dodge: Dodged            |    42 |     1 ||    43
